Cogmind - Beta 16.1 @@@ ROGUE MODE // 2026.04.08 @ 14:30:38 Player: Maelyn Result: Destroyed by G-47 Trooper with Particle Gun Performance ------------- Evolutions (2) 1000 Regions Visited (3) 600 Robots Destroyed (22) 110 Value Destroyed (411) 411 Prototype IDs (0) 0 Alien Tech Used (0) 0 Bonus (0) 0 TOTAL SCORE: 2121 Bonus ------- None Cogmind --------- Core Integrity 0/550 Matter 175/300 Energy 100/100 System Corruption 0% Temperature Cool (9) Movement Core (200) Ox3 Location -8/Materials Parts ------- > --- POWER (1) -------- (None) > --- PROPULSION (3) --- (None) > --- UTILITY (5) ------ Medium Storage Unit Structural Scanner Advanced Visual Processing Unit Targeting Computer > --- WEAPON (2) ------- (None) > --- INVENTORY (10) --- Airjet Small Storage Unit Advanced Weight Redist. System Seismic Detector Peak State ------------ > --- POWER ------------ Light Ion Engine > --- PROPULSION ------- Airjet Airjet Airjet > --- UTILITY ---------- Medium Storage Unit High-capacity Battery Structural Scanner Advanced Visual Processing Unit Targeting Computer > --- WEAPON ----------- Great Axe Great Axe > --- INVENTORY -------- Improved Hover Unit Airjet Airjet Small Storage Unit Advanced Weight Redist. System Seismic Detector EM Pulse Gun Field Laser Heavy Assault Rifle Heavy Assault Rifle [Rating: 27] Favorites ----------- Power Ion Engine Engine Ion Engine Propulsion Aluminum Leg Treads Light Treads Leg Aluminum Leg Hover Unit Airjet Flight Unit Surge Thruster Utility Medium Storage Unit Device Improved Terrain Scanner Storage Medium Storage Unit Processor Targeting Computer Protection Light Armor Plating Weapon Light Assault Rifle Energy Gun Medium Laser Ballistic Gun Light Assault Rifle Slashing Weapon Great Axe Build | -11 -10 -9 -8 ------- Run | Yrd Mat Mat Mat Slots Evolved 4 | . . 2 2 Power . | . . . . Propulsion 1 | . . . 1 Utility 3 | . . 2 1 Weapon . | . . . . Parts Attached 40 | 8 3 11 18 Power 2 | 1 . 1 . Engine 2 | 1 . 1 . Core . | . . . . Reactor . | . . . . Propulsion 14 | 2 . 3 9 Treads 4 | . . 3 1 Leg 2 | 2 . . . Wheel . | . . . . Hover 6 | . . . 6 Flight 2 | . . . 2 Utility 13 | 3 3 4 3 Device 4 | 2 . 1 1 Storage 5 | 1 2 1 1 Processor 3 | . . 2 1 Hackware . | . . . . Protection 1 | . 1 . . Artifact . | . . . . Weapon 11 | 2 . 3 6 Energy Gun 4 | 1 . 1 2 Energy Cannon . | . . . . Ballistic Gun 5 | 1 . 2 2 Ballistic Cannon . | . . . . Launcher . | . . . . Special Weapon . | . . . . Impact Weapon . | . . . . Slashing Weapon 2 | . . . 2 Piercing Weapon . | . . . . Special Melee Weapon . | . . . . Unidentified Prototypes . | . . . . Parts Lost 12 | . . 6 6 Power 1 | . . 1 . Propulsion 5 | . . 1 4 Utility 2 | . . 2 . Weapon 4 | . . 2 2 Highest Loss Streak 3 | . . 3 3 To Critical Strikes 1 | . . 1 . Average Backups 7 | 3 7 6 8 Power . | . 1 . . Propulsion 1 | 1 2 1 1 Utility 2 | . 3 2 3 Weapon 1 | 1 1 1 3 Tool/Special . | . . . . Unused Backups 3 | . . . 3 Power . | . . . . Propulsion 2 | . . . 2 Utility 1 | . . . 1 Weapon . | . . . . Tool/Special . | . . . . Average Slot Usage (%) 92 | . 89 96 86 Engine 10 | . 12 10 7 Treads 6 | . . 7 11 Leg 12 | . 24 14 . Hover 2 | . . . 10 Device 9 | . 4 11 10 Storage 14 | . 14 15 11 Processor 10 | . . 10 18 Protection 4 | . 7 5 . Energy Gun 7 | . 12 8 . Ballistic Gun 13 | . 12 12 15 Peak Build Rating 27 | 9 9 12 27 Average Rating 10 | 5 7 10 15 On Entrance 7 | . 9 8 11 Avg Prop Armor Cover (%) 13 | . . 13 . Naked Turns . | . . . . Heaviest Build 32 | 15 32 24 26 Greatest Support 60 | 20 20 40 60 Greatest Overweight (x) 8 | 1 8 1 4 Average Overweight (x) . | . 1 . . Largest Inventory Capacity 15 | 8 15 10 10 Average Capacity 10 | 7 13 10 10 Most Carried 13 | 5 13 9 10 Average Carried 7 | 4 7 6 8 Final Capacity 10 | 8 10 10 10 Final Carried 9 | 5 8 9 4 Class Distribution -------------------- 73% | Mutant 26% | Scavenger-Mutant Dominant Class ---------------- Mutant | -10/Materials Mutant | -9/Materials Mutant | -8/Materials Resources | -11 -10 -9 -8 ----------- Run | Yrd Mat Mat Mat Matter Collected 660 | 176 . 374 110 Remotely . | . . . . Salvage Created 592 | 65 . 385 142 Parts 41 | 10 . 23 8 Haulers Intercepted 2 | . . 1 1 Recyclers Shooed . | . . . . Parts Field Recycled . | . . . . Retrieved Matter . | . . . . Parts Self-Destructed . | . . . . Prevented . | . . . . Parts Restored . | . . . . Kills | -11 -10 -9 -8 ------- Run | Yrd Mat Mat Mat Combat Hostiles Destroyed 14 | . . 10 4 Guns 13 | . . 9 4 Classes Destroyed 8 | 1 . 5 2 Builder 1 | . . . 1 Tunneler 4 | 3 . 1 . Hauler 2 | . . 1 1 Watcher 1 | . . 1 . Swarmer 5 | . . 5 . Cutter 3 | . . . 3 Grunt 3 | . . 3 . Sentry 3 | . . 2 1 Best Kill Streak 5 | 2 . 5 3 Combat Bots Only 4 | . . 4 3 Max Kills in Single Turn 1 | 1 . 1 1 Gunslinging . | . . . . Exploded . | . . . . Melee . | . . . . Uniques/NPCs Destroyed . | . . . . Combat | -11 -10 -9 -8 -------- Run | Yrd Mat Mat Mat Hostile Shots Fired 203 | . 14 98 91 Missed 52 | . 5 20 27 Hits 151 | . 9 78 64 Melee 28 | . . . 28 Projectile 123 | . 9 78 36 AOE 1 | . . . 1 Critical Strikes 18 | . . 4 14 Damage Taken 2132 | . 103 864 1165 Core 751 | . 10 174 567 Absorbed by Shields . | . . . . Core Remaining (%) 84 | 100 96 56 . Volleys Fired 84 | 3 3 47 31 Largest 2 | 2 2 2 2 Hottest 90 | 70 70 90 86 Shots Fired 135 | 6 6 70 53 Gun 135 | 6 6 70 53 Cannon . | . . . . Launcher . | . . . . Special . | . . . . Kinetic 79 | 3 3 24 49 Thermal 56 | 3 3 46 4 Explosive . | . . . . Electromagnetic . | . . . . Robot Hit Streak 15 | 3 1 15 14 Robot Miss Streak 4 | 1 3 4 2 Penetration Max . | . . . . Secondary Targets 2 | . . 1 1 Max Gunslinging Chain 1 | . . 1 1 Shots Hit Robots 93 | 3 2 51 37 Core Hits 35 | 3 . 19 13 Critical Kills . | . . . . Critical Parts Destroyed . | . . . . Critical Strikes 7 | . . 7 . Burn 5 | . . 5 . Destroy 2 | . . 2 . Melee Attacks . | . . . . Impact . | . . . . Slashing . | . . . . Piercing . | . . . . Sneak Attacks . | . . . . Combat Hostiles . | . . . . Follow-up Attacks . | . . . . Damage Inflicted 1127 | 40 28 575 484 Guns 1030 | 40 28 575 387 Cannons . | . . . . Explosions 97 | . . . 97 Melee . | . . . . Ramming . | . . . . Kinetic 536 | 14 28 155 339 Thermal 591 | 26 . 420 145 Explosive . | . . . . Electromagnetic . | . . . . Impact . | . . . . Slashing . | . . . . Piercing . | . . . . Highest Corruption 1 | . 1 . . Average Corruption 1 | . 1 . . Corruption Purged . | . . . . Corruption Blocked . | . . . . Effects 2 | . 2 . . Message Errors 2 | . 2 . . Overload Shots . | . . . . Overflow Damage . | . . . . Projectiles . | . . . . Explosions . | . . . . Melee . | . . . . Knockbacks . | . . . . Impact . | . . . . Kinetic . | . . . . Secondary . | . . . . Self-Inflicted Damage . | . . . . Shots . | . . . . Rammed . | . . . . Targets Rammed . | . . . . Kicked . | . . . . Crushed . | . . . . Highest Temperature 244 | 9 36 244 8 Average Temperature 84 | 6 15 102 5 Received Heat Transfer 519 | . 54 186 279 Siege Activations . | . . . . Martial Activations . | . . . . Shielding Activations . | . . . . Robots Disrupted . | . . . . Combat Hostiles . | . . . . Robots Corrupted . | . . . . Combat Hostiles . | . . . . Parts Fried . | . . . . Impact Corruptions . | . . . . Robots Melted 1 | . . 1 . Combat Hostiles 1 | . . 1 . Parts Melted 8 | . . 8 . Heat Transferred 1744 | 74 . 1509 161 Parts Sabotaged . | . . . . Parts Stolen . | . . . . Parts Stripped . | . . . . Power Chain Reactions . | . . . . Alert | -11 -10 -9 -8 ------- Run | Yrd Mat Mat Mat Maximum Alert Level . | . . . . Low Security (%) 100 | 100 100 100 100 Level 1 . | . . . . Level 2 . | . . . . Level 3 . | . . . . Level 4 . | . . . . Level 5 . | . . . . High Security . | . . . . Max Security . | . . . . Peak Influence 141 | 5 . 109 141 Initial 24 | . . . 24 Average 30 | 1 . 41 46 Influence Increases 565 | 15 . 279 271 Destroy 0b10 Robot/C 280 | . . 200 80 Destroy 0b10 Robot/NC 40 | 15 . 15 10 Destroy Leader 86 | . . 64 22 Disable Machine 30 | . . . 30 Destroy Structure 24 | . . . 24 Partial Spotted 15 | . . . 15 Lose Combat Pursuer 90 | . . . 90 Influence Decreases 454 | 15 . 222 217 Entered New Map 33 | . . . 33 Time Decay 311 | 15 . 172 124 Lost Part 110 | . . 50 60 Squads Dispatched 6 | . 1 2 3 Investigation 1 | . . 1 . Extermination . | . . . . Reinforcement 5 | . 1 1 3 Assault . | . . . . Garrison . | . . . . Intercept . | . . . . Searches Triggered . | . . . . Construction Impeded . | . . . . Haulers Reinforced . | . . . . Active Scanning Responses . | . . . . Cargo Convoy Interrupts . | . . . . Stealth | -11 -10 -9 -8 --------- Run | Yrd Mat Mat Mat Distress Signals 2 | . . 1 1 Communications Jammed . | . . . . Distress Signals . | . . . . Times Spotted 42 | . 5 14 23 Peak Tracking Total 11 | . 2 7 11 Tactical Retreats 2 | . . . 2 Traps | -11 -10 -9 -8 ------- Run | Yrd Mat Mat Mat Traps Triggered 7 | . 4 2 1 Indirectly . | . . . . Trap Hack Attempts . | . . . . Triggered . | . . . . Disarmed . | . . . . Reprogrammed . | . . . . Reused . | . . . . Traps Extracted . | . . . . Installed . | . . . . Triggered . | . . . . Machines | -11 -10 -9 -8 ---------- Run | Yrd Mat Mat Mat Machines Disabled 2 | . . . 2 Max in Single Turn 2 | . . . 2 Machines Repaired . | . . . . Machines Dismantled . | . . . . Machines Sabotaged . | . . . . Overloaded Fab Kills . | . . . . Hacking | -11 -10 -9 -8 --------- Run | Yrd Mat Mat Mat Machines Accessed . | . . . . Terminals . | . . . . Fabricators . | . . . . Repair Stations . | . . . . Recycling Units . | . . . . Scanalyzers . | . . . . Garrison Access . | . . . . Total Hacks . | . . . . Successful . | . . . . Failed . | . . . . Catastrophic . | . . . . Database Lockouts . | . . . . Manual . | . . . . Terminals . | . . . . Fabricators . | . . . . Repair Stations . | . . . . Recycling Units . | . . . . Scanalyzers . | . . . . Garrison Access . | . . . . Terminal Hacks . | . . . . Fabricator Hacks . | . . . . Repair Station Hacks . | . . . . Recycling Unit Hacks . | . . . . Scanalyzer . | . . . . Garrison Access Hacks . | . . . . Unauthorized Hacks . | . . . . Terminals . | . . . . Fabricators . | . . . . Repair Stations . | . . . . Recycling Units . | . . . . Scanalyzers . | . . . . Garrison Access . | . . . . Data Cores Recovered . | . . . . Used . | . . . . Hacking Detections . | . . . . Full Trace Events . | . . . . Feedback Events . | . . . . Feedback Blocked . | . . . . Robot Schematics Acquired . | . . . . Robots Built . | . . . . Authchips . | . . . . Time . | . . . . Total Robot Build Rating . | . . . . Part Schematics Acquired . | . . . . Parts Built . | . . . . Authchips . | . . . . Time . | . . . . Total Part Build Rating . | . . . . Part Studies Acquired . | . . . . Parts Repaired . | . . . . Time . | . . . . Parts Recycled . | . . . . Recycled Matter . | . . . . Retrieved Matter . | . . . . Retrieved Components . | . . . . Parts Scanalyzed . | . . . . Part Schematics Acquired . | . . . . Parts Damaged . | . . . . Bothacking | -11 -10 -9 -8 ------------ Run | Yrd Mat Mat Mat Used RIF Installer . | . . . . Robots Hacked . | . . . . Non-combat . | . . . . Combat . | . . . . Robot Hacks Applied . | . . . . Relay Couplers Released . | . . . . Fabnet Peak Effective % . | . . . . Robots Rewired . | . . . . Allies Hacked . | . . . . Hacks Repelled . | . . . . Allies | -11 -10 -9 -8 -------- Run | Yrd Mat Mat Mat Total Allies . | . . . . Largest Group . | . . . . Highest-Rated Group . | . . . . Highest-Rated Ally . | . . . . Total Orders . | . . . . Ally Attacks . | . . . . Total Damage . | . . . . Kills . | . . . . Allies Corrupted . | . . . . Allies Melted . | . . . . Intel | -11 -10 -9 -8 ------- Run | Yrd Mat Mat Mat Active Infowar (turns) 1128 | 61 80 668 319 Optics 641 | . . 322 319 Terrain 589 | 20 80 489 . Structural 498 | . . 179 319 Seismic 41 | 41 . . . Robot Analysis Total . | . . . . Derelict Logs Recovered . | . . . . Drone Launches . | . . . . Drone Recoveries . | . . . . Exploration | -11 -10 -9 -8 ------------- Run | Yrd Mat Mat Mat Turns Passed 1385 | 115 283 668 319 Spaces Moved 757 | 69 135 320 233 Core 15 | 9 5 . 1 Treads 138 | . . 80 58 Legs 430 | 60 130 240 . Wheels . | . . . . Hover 170 | . . . 170 Flight 4 | . . . 4 Fastest Speed 50 | 50 120 120 52 Average Speed 139 | 116 186 163 85 Slowest Speed 450 | 120 450 190 200 Overloaded Moves . | . . . . Propulsion Burnouts . | . . . . Robots Hopped . | . . . . Potential Cave-ins . | . . . . Cave-ins Triggered . | . . . . Exploration Rate (%) 25 | 4 29 32 37 Regions Visited 3 Branch Regions . Pre-discovered Areas . | . . . . Known Exits Taken . | . . . . Unknown Exits Taken 3 | 1 1 1 . Scrap Searched . | . . . . Spaces Dug . | . . . . Terrain Destroyed 27 | . . . 27 Melee . | . . . . Projectile . | . . . . AOE 27 | . . . 27 Terrain Rammed . | . . . . Walls Destroyed . | . . . . Machines Disabled . | . . . . Actions | -11 -10 -9 -8 --------- Run | Yrd Mat Mat Mat Total 957 | 96 160 395 306 Wait 10 | 7 3 . . Move 754 | 68 134 319 233 Hop . | . . . . Pick Up 45 | 10 10 11 14 Fast Attach 6 | 2 . . 4 Attach 31 | 5 6 8 12 Detach . | . . . . Swap 15 | 1 3 8 3 Drop 12 | . 1 2 9 Fire 84 | 3 3 47 31 Melee . | . . . . Ram . | . . . . Kick . | . . . . Crush . | . . . . Escape Stasis . | . . . . Rewire . | . . . . Trap . | . . . . Miscellaneous . | . . . . Route ------- -11/Scrapyard -10/Materials -9/Materials -8/Materials (discovered 1 exit: [*Fac]) History --------- Turn | Location | Event 13 | -11/Scrapyard | Discovered new exit (range 15) 116 | -11/Scrapyard | Entered Materials 305 | -10/Materials | Discovered new exit (range 16) 318 | -10/Materials | Build established: Mutant 399 | -10/Materials | Entered another Materials area 399 | -9/Materials | Evolved 2 slots: Utility x2 733 | -9/Materials | Lost 3 parts (2u1w) 808 | -9/Materials | Lost 3 parts (1p1n1w) 1039 | -9/Materials | Discovered new exit (range 7) 1067 | -9/Materials | Entered another Materials area 1067 | -8/Materials | Evolved 2 slots: Propulsion x1, Utility x1 1292 | -8/Materials | Discovered new exit (range 9) 1333 | -8/Materials | Core integrity fell below 50% 1374 | -8/Materials | Lost 3 parts (2n1w) 1381 | -8/Materials | Core integrity fell below 20% 1386 | -8/Materials | Destroyed by G-47 Trooper with Particle Gun Last Messages --------------- 01367_ K-01 Serf cleans the Scanalyzer. 01367_ Acquired Surge Thruster. The Surge Thruster is "overloadable", activating it again increases its output for additional resource costs, and may damage the unit. See Burnout stat context help for more info. 01369_ Critical hit (Burn: +37). 01371_ Acquired Surge Thruster. 01372_ K-01 Serf cleans the Scanalyzer. 01374_ Surge Thruster destroyed. 01376_ K-01 Serf cleans the Scanalyzer. 01377_ Acquired Airjet. 01381_ K-01 Serf cleans the Scanalyzer. 01381_ R-06 Scavenger collects Imp. Hover Unit. 01382_ Hvy. Assault Rifle destroyed. 01384_ Surge Thruster destroyed. 01384_ K-01 Serf cleans the Scanalyzer. 01385_ C-30 ARC bursts open, deploying its payload. 01385_ H-55 Commando unfolds itself. Map ----- +----------------------------------------------------+ | ?????????????????????????????????????????????????? | | ?????????????????????????????????????????????????? | | ????????????????????????? ##?????????????????????? | | ????????????????????????? ####???????????????????? | | ????????????????????????? ####???????????????????? | | ???????????########?????? #???????????????????? | | ???????????########????? ?????????????????????? | | ????????## #????? ?????????????????????? | | ????????## """ ##????? ??????????????????????? | | ????????## """ ##????? ??????????????????????? | | ????????## """ ##????? ?????????????????????? | | ????????## ##???? ##?????????????????????? | | ????????## """ ##???? ##?????????????????????? | | ????????## """ ##???? ##?????????????????????? | | ????????## """ ##???? ##?????????????????????? | | ????????## ##???? ##?????????????????????? | | #???????## ##???? ##?????????????????????? | | #??????### ###### ##?????????????????????? | | ????? #######+####### ##?????????????????????? | | ??? # = ##?????????????????????? | | """? # ##?????????????????????? | | = """"" # r ######?????????????????? | | """"" + ###+######/#########?????????????????? | | """"" # # #gg=! ##?????????????????? | | """ # # T ??? #% [ ##?????????????????? | | # % # ?? #%[!@ ##?????????????????? | | ? # # ?? # [ g ##?????????????????? | | ######?## #! =] ? # g ##?????????????????? | | ######?## # =] ? # g ##?????????????????? | | ???????## #! =] # ""k##?????????????????? | | ???????## * # # S""h##?????????????????? | | ???###### # ! # "" k/ ???????????????? | | ???###### % ######################???????????????? | | ???##[[ / ######################???????????????? | | ???##[[ ##???????????????????????????????????? | | ??###/ ##???????????????????????????????????? | | ??##"/[ ##???????????????????????????????????? | | ?###"== ##???????????????????????????????????? | | ### "== ##???????????????????????????????????? | | #"""""""" ##????????????????????????????? | | " ##???????????????????????????????????? | | " ##???????????????????????????????????? | | %##???????????????????????????????????? | | / ^##???????????????????????????????????? | | " ##???????????????????????????????????? | | " ##???????????????????????????????????? | | " ##???????????????????????????????????? | | ##???????????????????????????????????? | | ## "" # # ???????????????????????????????????? | | ## ###### # ???????????????????????????????????? | +----------------------------------------------------+ Best States ------------- Heat Dissipation 31 Energy Generation 10 Energy Capacity 375 Matter Stores 300 Matter Capacity 300 Sight Range 20 Terrain Scan Range 16 Terrain Scan Density 10 Additional Mass Support 9 Armor Coverage 150 Evasion (%) 55 Targeting Accuracy 5 Recoil Reduction 3 Item Schematics ----------------- None Robot Schematics ------------------ None Fabricated ------------ Nothing Repaired ---------- Nothing Studied --------- None Alien Tech Used ----------------- None Achievements -------------- None Challenges ------------ None Game ------ Seed MassPulsarThrower Manual? 0 Play Time 00:15:07 Cumulative 19.1 hours Start 2026.04.08 @ 14:16:42 End 2026.04.08 @ 14:30:38 Sessions 1 Manual Loads 0 Difficulty Rogue Special Mode None Game No. 53 Rogue 53 Adventurer 0 Explorer 0 Win Type - Total 0 Types 0/0/0/0/0/0/0/0/0/0 Lore% 10 Gallery% 20 Achievement% 11 Wizard Run 0 Options --------- Layout 2 ASCII 0 Keyboard 0 Movement Mouse Keybinds 0 Fullscreen 1 Font 24/Crisp Map View 50x44 Zoom Use 0% Tactical HUD 1 Map Filters NONE Filters NONE Steam 1 RUN: 258f2f51-4f39-4212-8e1c-ca5cc7af098f